 Dungeon Crawl Stone Soup version 0.29.0-4-gdea44cf6ec (webtiles) character file.

Game seed: 6496962532108994233

1330 qw the Cleaver (level 8, -7/48 HPs)
             Began as a Tengu Warper on Aug 28, 2022.
             Mangled by a gnoll
             ... wielding a +0 halberd
             ... led by a gnoll sergeant
              (10 damage)
             ... on level 5 of the Dungeon.
             The game lasted 00:00:37 (4872 turns).

qw the Cleaver (Tengu Warper)                       Turns: 4872, Time: 00:00:38

Health: -7/48      AC: 18    Str: 13    XL:     8   Next: 60%
Magic:  12/12      EV:  7    Int: 14    God:
Gold:   227        SH:  0    Dex: 14    Spells: 11/11 levels left

rFire   . . .      SeeInvis .   r - +0 war axe
rCold   . . .      Faith    .   (no shield)
rNeg    . . .      Spirit   .   k - +7 chain mail "Goed" {Fly rElec}
rPois   .          Reflect  .   (helmet restricted)
rElec   +          Harm     .   c - +1 cloak
rCorr   .          Rampage  .   (no gloves)
Will    +....                   (boots unavailable)
Stlth   ..........              (no amulet)
HPRegen 0.16/turn               m - ring of willpower
MPRegen 0.13/turn               (no ring)

@: flying quickly and evasively, quick
A: beak, talons 3, nimble flight
a: no special abilities


You were on level 5 of the Dungeon.
You visited 1 branch of the dungeon, and saw 5 of its levels.

You collected 227 gold pieces.


Innate Abilities, Weirdness & Mutations

You have a beak for a mouth.
You have claws for feet.
Your magical nature lets you fly swiftly and evasively.


   Skills:
 - Level 4.0 Fighting
 + Level 9.8 Axes
 - Level 2.3 Throwing
 - Level 3.4 Armour
 - Level 2.1 Dodging
 - Level 2.0 Spellcasting
 - Level 2.4 Translocations


You had 11 spell levels left.
You didn't know any spells.
Your spell library contained the following spells:

 Spells                   Type           Power      Damage    Failure   Level
 Blink                    Tloc           16%        N/A       98%         2
 Gell's Gravitas          Tloc           8%         N/A       100%        3
 Lesser Beckoning         Tloc           8%         N/A       100%        3
 Teleport Other           Tloc           8%         N/A       100%        3
 Manifold Assault         Tloc           8%         N/A       100%        5

Inventory:

Hand Weapons
 l - a +2 whip of flaming
 r - a +0 war axe (weapon)
Missiles
 f - 3 boomerangs (quivered)
Armour
 c - a +1 cloak (worn)
 k - the +7 chain mail "Goed" (worn) {Fly rElec}
   (You found it on level 2 of the Dungeon)

   rElec:     It insulates you from electricity.
   Fly:       It grants you flight.
Jewellery
 e - an amulet of faith
 i - a +4 ring of protection
 m - a ring of willpower (left hand)
Scrolls
 b - 2 scrolls of identify
 q - 2 scrolls of enchant weapon {unknown}
Potions
 d - 2 potions of mutation
 g - 3 potions of curing
 h - a potion of resistance
 o - a potion of haste {unknown}
 p - a potion of lignification {unknown}
 s - a potion of flight {unknown}

Dungeon Overview and Level Annotations

Branches:
Dungeon (5/15)
 Temple: D:4-7

Altars:
Hepliaklqana


Message History

The gnoll closely misses you.
The gnoll sergeant hits you with a +0 trident.
You hit the gnoll sergeant.
You claw the gnoll sergeant, but do no damage.
Your peck misses the gnoll sergeant.
The gnoll sergeant is severely wounded.
The gnoll barely misses you.
The gnoll sergeant hits you with a +0 trident!
4865 ||| DRINKING potion of heal wounds.
You feel much better.
The gnoll hits you from afar with a +0 halberd.
The gnoll sergeant completely misses you.
You hit the gnoll sergeant but do no damage.
You claw the gnoll sergeant, but do no damage.
You peck the gnoll sergeant, but do no damage.
The gnoll sergeant is severely wounded.
The gnoll completely misses you.
The gnoll sergeant hits you with a +0 trident!
You barely miss the gnoll sergeant.
You claw the gnoll sergeant, but do no damage.
The gnoll sergeant is severely wounded.
The gnoll barely misses you.
The gnoll sergeant hits you but does no damage.
You barely miss the gnoll sergeant.
The gnoll sergeant is severely wounded.
The gnoll hits you from afar with a +0 halberd.
The gnoll sergeant closely misses you.
You hit the gnoll sergeant but do no damage.
The gnoll sergeant is severely wounded.
The gnoll hits you but does no damage.
The gnoll sergeant hits you but does no damage.
You slash the gnoll sergeant!
You kill the gnoll sergeant!
The gnoll hits you from afar with a +0 halberd.
The gnoll hits you with a +0 halberd!
Things that are here:
a +0 flail; a gnoll corpse You completely miss the gnoll.
You peck the gnoll, but do no damage. The gnoll hits you with a +0 halberd!
You die...

....#. . #..###.....##.....
....### ..##. #..##.....###
..).####### g. . ###### ......##
..))g...... ... ..#####..#....#
...)...#... #. #........###...
......###...##. #........#.....
............... ##..............
#......(.......###).#####........
##......... #.g@...).#.#........
#......... #...#..).........##.
#.#............##.####..##...###
......###.###....#....#. #.#...
#.##............ # ##.#
##.......##...... #.
........###...<.. #.
.........#.......
........##.......


You could see a gnoll.

Vanquished Creatures
  Sigmund (D:3)
  Eustachio (D:4)
  An ogre (D:5)
  A phantom (D:5)
  2 gnoll sergeants (D:5)
  5 scorpions
  A hound (D:5)
  A jelly (D:4)
  Jessica (D:3)
  Terence (D:3)
  3 iguanas
  2 orc wizards (D:4)
  Robin (D:3)
  7 gnolls
  5 adders
  2 worms (D:2)
  3 dart slugs
  8 orcs
  8 bats
  3 endoplasms
  2 giant cockroaches
  16 goblins
  8 hobgoblins
  4 quokkas
  6 ball pythons
  4 frilled lizards
  5 kobolds
  3 rats (D:2)
105 creatures vanquished.

Vanquished Creatures (others)
  14 plants (D:4)
14 creatures vanquished.

Grand Total: 119 creatures vanquished

Notes
Turn   | Place    | Note
-------+----------+-------------------------------------------
     0 | D:1      | qw the Tengu Warper began the quest for the Orb.
     0 | D:1      | Reached XP level 1. HP: 12/12 MP: 4/4
     0 | D:1      | 0 ||| qw: Version: 0.1-a-89-g26bdef1
     0 | D:1      | 0 ||| qw: Game counter: 946
     0 | D:1      | 0 ||| qw: Always use a shield: true
     0 | D:1      | 0 ||| qw: God list: Okawaru
     0 | D:1      | 0 ||| qw: Allow faded altars: false
     0 | D:1      | 0 ||| qw: Do Orc after D:15 true
     0 | D:1      | 0 ||| qw: Do second Lair branch before Depths: true
     0 | D:1      | 0 ||| qw: Lair rune preference: random
     0 | D:1      | 0 ||| qw: Plans: Normal
     0 | D:1      | 0 ||| PLANNING D:1-11
     8 | D:1      | 8 ||| Stepping ~*~*~tactically~*~*~ (stealth).
    19 | D:1      | HP: 3/12 [hobgoblin (4)]
    82 | D:1      | 82 ||| Stepping ~*~*~tactically~*~*~ (stealth).
    86 | D:1      | 86 ||| Stepping ~*~*~tactically~*~*~ (stealth).
    89 | D:1      | Reached skill level 3 in Axes
    89 | D:1      | Reached XP level 2. HP: 9/17 MP: 6/6
   490 | D:1      | Reached XP level 3. HP: 14/21 MP: 7/7
   700 | D:1      | Found a faded altar of an unknown god.
   845 | D:1      | 845 ||| DROPPING +0 club.
   906 | D:1      | Reached skill level 4 in Axes
   921 | D:1      | 921 ||| DROPPING +0 whip.
  1035 | D:1      | 1035 ||| READING scroll labelled ISEARE JOEZED.
  1036 | D:1      | 1036 ||| READING 2 scrolls labelled WUSCHO ZIARIANK.
  1037 | D:1      | 1037 ||| READING 3 scrolls labelled PUMYEJIZXE.
  1041 | D:1      | 1041 ||| READING scroll labelled ASEXTI OCZO.
  1042 | D:1      | 1042 ||| READING scroll labelled BOUPPA MAHAO.
  1043 | D:1      | 1043 ||| DRINKING 3 fizzy silvery potions.
  1044 | D:1      | 1044 ||| DROPPING scroll of blinking.
  1144 | D:2      | 1144 ||| Stepping ~*~*~tactically~*~*~ (stealth).
  1190 | D:2      | 1190 ||| FLEEEEING.
  1208 | D:2      | 1208 ||| Stepping ~*~*~tactically~*~*~ (stealth).
  1360 | D:2      | 1360 ||| Stepping ~*~*~tactically~*~*~ (stealth).
  1362 | D:2      | 1362 ||| Stepping ~*~*~tactically~*~*~ (stealth).
  1364 | D:2      | 1364 ||| Stepping ~*~*~tactically~*~*~ (stealth).
  1366 | D:2      | 1366 ||| Stepping ~*~*~tactically~*~*~ (stealth).
  1368 | D:2      | 1368 ||| Stepping ~*~*~tactically~*~*~ (stealth).
  1370 | D:2      | 1370 ||| Stepping ~*~*~tactically~*~*~ (stealth).
  1373 | D:2      | 1373 ||| Stepping ~*~*~tactically~*~*~ (stealth).
  1375 | D:2      | 1375 ||| Stepping ~*~*~tactically~*~*~ (stealth).
  1377 | D:2      | 1377 ||| Stepping ~*~*~tactically~*~*~ (stealth).
  1414 | D:2      | 1414 ||| Stepping ~*~*~tactically~*~*~ (stealth).
  1415 | D:2      | 1415 ||| Stepping ~*~*~tactically~*~*~ (stealth).
  1523 | D:2      | Reached XP level 4. HP: 21/26 MP: 8/8
  1527 | D:2      | 1527 ||| FLEEEEING.
  1528 | D:2      | 1528 ||| FLEEEEING.
  1529 | D:2      | 1529 ||| FLEEEEING.
  1532 | D:2      | 1532 ||| FLEEEEING.
  1533 | D:2      | 1533 ||| FLEEEEING.
  1535 | D:2      | 1535 ||| FLEEEEING.
  1536 | D:2      | 1536 ||| FLEEEEING.
  1537 | D:2      | 1537 ||| FLEEEEING.
  1538 | D:2      | 1538 ||| FLEEEEING.
  1539 | D:2      | 1539 ||| FLEEEEING.
  1541 | D:2      | 1541 ||| FLEEEEING.
  1542 | D:2      | 1542 ||| FLEEEEING.
  1543 | D:2      | 1543 ||| FLEEEEING.
  1544 | D:2      | 1544 ||| FLEEEEING.
  1545 | D:2      | 1545 ||| FLEEEEING.
  1546 | D:2      | 1546 ||| FLEEEEING.
  1547 | D:2      | 1547 ||| FLEEEEING.
  1548 | D:2      | 1548 ||| FLEEEEING.
  1549 | D:2      | 1549 ||| FLEEEEING.
  1550 | D:2      | 1550 ||| FLEEEEING.
  1551 | D:2      | 1551 ||| FLEEEEING.
  1552 | D:2      | 1552 ||| STAIRDANCE
  1581 | D:1      | 1581 ||| UPGRADING to +0 ring mail.
  1591 | D:1      | 1591 ||| DROPPING +0 leather armour.
  1601 | D:2      | 1601 ||| STAIRDANCE
  1648 | D:2      | 1648 ||| Stepping ~*~*~tactically~*~*~ (stealth).
  1650 | D:2      | 1650 ||| Stepping ~*~*~tactically~*~*~ (hiding).
  1709 | D:2      | Reached skill level 5 in Axes
  1861 | D:2      | Identified the +7 chain mail "Goed" {Fly rElec}
  2152 | D:2      | 2152 ||| UPGRADING to +0 chain mail.
  2162 | D:2      | 2162 ||| DROPPING +0 ring mail.
  2163 | D:2      | 2163 ||| UPGRADING to +7 chain mail "Goed" {Fly rElec}.
  2173 | D:2      | 2173 ||| DROPPING +0 chain mail.
  2174 | D:2      | 2174 ||| READING 2 scrolls labelled JOULUD VOASO.
  2175 | D:2      | 2175 ||| READING scroll labelled QYCZOUWI MYWAI.
  2187 | D:3      | Noticed Jessica
  2197 | D:3      | Killed Jessica
  2198 | D:3      | Gained mutation: Your magical nature lets you fly swiftly
                  | and evasively. [Tengu growth]
  2198 | D:3      | Reached XP level 5. HP: 30/30 MP: 9/9
  2221 | D:3      | Noticed Sigmund
  2222 | D:3      | 2222 ||| Stepping ~*~*~tactically~*~*~ (hiding).
  2240 | D:3      | Killed Sigmund
  2241 | D:3      | Reached skill level 7 in Axes
  2241 | D:3      | Reached XP level 6. HP: 17/35 MP: 10/10
  2284 | D:3      | 2284 ||| FLEEEEING.
  2285 | D:3      | 2285 ||| FLEEEEING.
  2286 | D:3      | 2286 ||| FLEEEEING.
  2369 | D:3      | 2369 ||| FLEEEEING.
  2372 | D:3      | 2372 ||| STAIRDANCE
  2552 | D:2      | 2552 ||| UPGRADING to +0 cloak.
  2557 | D:2      | 2557 ||| READING scroll of enchant armour.
  2557 | D:2      | 2557 ||| ENCHANTING +0 cloak.
  2558 | D:2      | 2558 ||| READING 2 scrolls of identify.
  2558 | D:2      | 2558 ||| IDENTIFYING fuming emerald potion
  2582 | D:3      | Noticed Robin
  2592 | D:3      | Killed Robin
  2997 | D:3      | Noticed Terence
  3004 | D:3      | Killed Terence
  3153 | D:3      | Found a faded altar of an unknown god.
  3158 | D:3      | Found a hazy altar of Hepliaklqana.
  3318 | D:3      | 3318 ||| READING scroll labelled YJUIMA FYMU.
  3319 | D:3      | 3319 ||| READING 2 scrolls of identify.
  3319 | D:3      | 3319 ||| IDENTIFYING clear potion
  3400 | D:3      | 3400 ||| READING 2 scrolls of teleportation.
  3401 | D:3      | 3401 ||| STAIRDANCE
  3557 | D:4      | Noticed Eustachio
  3577 | D:4      | Killed Eustachio
  3578 | D:4      | Reached XP level 7. HP: 43/43 MP: 11/11
  3581 | D:4      | 3581 ||| READING scroll of brand weapon.
  3581 | D:4      | 3581 ||| BRANDING +0 hand axe of protection.
  3619 | D:4      | 3619 ||| Stepping ~*~*~tactically~*~*~ (hiding).
  3625 | D:4      | 3625 ||| Stepping ~*~*~tactically~*~*~ (stealth).
  3739 | D:4      | 3739 ||| Stepping ~*~*~tactically~*~*~ (hiding).
  3740 | D:4      | 3740 ||| Stepping ~*~*~tactically~*~*~ (hiding).
  4034 | D:4      | 4034 ||| UPGRADING to ring of willpower.
  4035 | D:4      | 4035 ||| READING scroll labelled MAMIOHUTTE.
  4036 | D:4      | 4036 ||| DRINKING 2 dark potions.
  4137 | D:4      | 4137 ||| READING 2 scrolls of identify.
  4137 | D:4      | 4137 ||| IDENTIFYING metallic grey potion
  4138 | D:4      | 4138 ||| DROPPING potion of ambrosia.
  4148 | D:3      | 4148 ||| READING 2 scrolls of teleportation.
  4296 | D:3      | 4296 ||| READING scroll of teleportation.
  4347 | D:5      | Entered Level 5 of the Dungeon
  4463 | D:5      | Identified the +9 quarterstaff of the End of Times {flame,
                  | Fly rPois rC-}
  4504 | D:5      | 4504 ||| Stepping ~*~*~tactically~*~*~ (stealth).
  4527 | D:5      | Reached skill level 8 in Axes
  4527 | D:5      | Reached XP level 8. HP: 47/48 MP: 12/12
  4562 | D:5      | 4562 ||| SWAPPING to +0 war axe.
  4563 | D:5      | 4563 ||| DROPPING +0 hand axe of chaos.
  4574 | D:5      | Reached skill level 3 in Armour
  4583 | D:5      | 4583 ||| Stepping ~*~*~tactically~*~*~ (stealth).
  4683 | D:5      | Reached skill level 9 in Axes
  4701 | D:5      | HP: 4/48 [gnoll/+0 halberd[a gnoll sergeant] (10)]
  4702 | D:5      | 4702 ||| READING scroll of teleportation.
  4703 | D:5      | 4703 ||| DRINKING 2 potions of heal wounds.
  4848 | D:5      | 4848 ||| Stepping ~*~*~tactically~*~*~ (stealth).
  4850 | D:5      | 4850 ||| Stepping ~*~*~tactically~*~*~ (stealth).
  4864 | D:5      | HP: 12/48 [gnoll sergeant/+0 trident (7)]
  4865 | D:5      | 4865 ||| DRINKING potion of heal wounds.
  4870 | D:5      | HP: 11/48 [gnoll/+0 halberd[a gnoll sergeant] (2)]
  4871 | D:5      | HP: 3/48 [gnoll/+0 halberd[a gnoll sergeant] (8)]
  4872 | D:5      | Mangled by a gnoll

Levels and vault maps discovered:
D:1:      erik_arrival_blinker_ship, layout_rooms, basic_ecumenical_altar
D:2:      layout_basic, minmay_octomino_c4
D:3:      layout_loops_ring, nicolae_overflow_ecumenical_swirl,
          wander_ebering_terrifying_dragon_lair, uniq_terence, uniq_jessica,
          uniq_robin, uniq_sigmund
D:4:      layout_loops_ring, serial_bayou_lake_a, uniq_eustachio
D:5:      layout_cave_pools, kennysheep_ying_yang

Skill      XL: |  1  2  3  4  5  6  7  8 |
---------------+-------------------------+-----
Axes           | 3 4 5 7 8 9 |  9.8
Armour         | 2 3 |  3.4
Fighting       | 4 |  4.0
Throwing       | 2 |  2.3
Dodging        | |  2.1
Spellcasting   | |  2.0
Translocations | |  2.4

Action                   |  1- 3 |  4- 6 |  7- 9 || total
-------------------------+-------+-------+-------++-------
Melee: Hand axe          |    64 |   125 |    43 ||   232
       Kick              |    13 |    31 |    36 ||    80
       Peck              |     7 |    24 |    16 ||    47
       Punch             |     2 |       |     1 ||     3
       War axe           |       |       |    65 ||    65
Throw: Boomerang         |    31 |    19 |     5 ||    55
       Javelin           |       |    30 |    23 ||    53
  Use: Scroll            |     5 |     7 |     6 ||    18
       Potion            |     1 |       |     3 ||     4
 Stab: Confused          |       |       |     1 ||     1
Armor: Leather armour    |    19 |       |       ||    19
       Ring mail         |       |    18 |       ||    18
       Chain mail        |       |    40 |    60 ||   100
Dodge: Dodged            |    34 |    40 |    47 ||   121

Table legend:
 A = Non-vault XP
 B = Vault XP
 C = Vault XP percentage of total XP
 D = Non-vault monster count
 E = Vault monster count
 F = Vault count percentage of total count
                 A         B        C        D         E       F
            +---------+---------+-------+---------+---------+-------
      Total |    1368 |     533 |  28.0 |      86 |      19 |  18.1
            +---------+---------+-------+---------+---------+-------
        D:1 |      48 |       0 |   0.0 |      20 |       0 |   0.0
        D:2 |      72 |      20 |  21.7 |      24 |       5 |  17.2
        D:3 |      94 |     328 |  77.7 |       7 |      13 |  65.0
        D:4 |     167 |     185 |  52.6 |      13 |       1 |   7.1
        D:5 |     987 |       0 |   0.0 |      22 |       0 |   0.0
            +---------+---------+-------+---------+---------+-------
